 Dungeon Crawl Stone Soup version 0.29.1-1-gd02db6906a (webtiles) character file.

Game seed: 12970569606439853046

122277 Icepheonix32 the Severer (level 16, -3/144 HPs)
             Began as a Minotaur Fighter on Oct 18, 2022.
             Was the Champion of Okawaru.
             Killed by divine providence
             ... invoked by an orc priest
              (17 damage)
             ... on level 1 of the Elven Halls.
             The game lasted 00:58:23 (25571 turns).

Icepheonix32 the Severer (Minotaur Fighter)        Turns: 25571, Time: 00:58:23

Health: -3/144     AC: 35    Str: 36    XL:     16   Next: 34%
Magic:  23/23      EV: 13    Int: 13    God:    Okawaru [******]
Gold:   1521       SH: 17    Dex: 11    Spells: 15/15 levels left

rFire   + + +      SeeInvis .   l - +7 mace "Quoh" {speed, rElec Str+3}
rCold   + . .      Faith    .   P - +3 warlock's mirror {reflect}
rNeg    . . .      Spirit   .   I - +2 plate armour {rC+}
rPois   +          Reflect  +   E - +2 hat {Int+3}
rElec   +          Harm     .   v - +2 cloak {rPois}
rCorr   +          Rampage  .   q - +0 pair of gloves of Inference {rF+++}
Will    ++...                   R - +2 pair of boots
Stlth   ..........              C - amulet of reflection
HPRegen 0.34/turn               t - +4 ring of protection
MPRegen 0.18/turn               h - ring of Qazlal's Hope {Will+ rCorr Str+6 Slay+3}

@: mighty, heroic
A: horns 2, retaliatory headbutt, clever 1, strong 1, sturdy frame 1
a: Renounce Religion, Heroism, Finesse, Duel


You were on level 1 of the Elven Halls.
You worshipped Okawaru.
Okawaru was exalted by your worship.
You visited 6 branches of the dungeon, and saw 25 of its levels.
You also visited: Bailey and Gauntlet.

You collected 2247 gold pieces.
You spent 726 gold pieces at shops.

Inventory:

Hand Weapons
 l - the +7 mace "Quoh" (weapon) {speed, rElec Str+3}
   (You bought it in a shop on level 1 of the Shoals)

   Attacks with this weapon are significantly faster.
   Str:       It affects your strength (+3).
   rElec:     It insulates you from electricity.
 y - a +3 vampiric war axe
 Q - a +5 broad axe of flaming
Missiles
 b - 3 curare-tipped darts (quivered)
 r - a silver boomerang
 u - 4 throwing nets
 w - 19 boomerangs
 F - 12 javelins
 Z - 6 silver javelins
Armour
 q - the +0 pair of gloves of Inference (worn) {rF+++}
   (You found it in a Gauntlet)

   rF:        It renders you almost immune to fire.
 v - a +2 cloak of poison resistance (worn)
 A - a +0 pair of boots of flying
 D - +0 ice dragon scales
 E - a +2 hat of intelligence (worn)
 H - a +2 chain mail of fire resistance
 I - a +2 plate armour of cold resistance (worn)
 L - the +2 pair of gloves of Iffaamir {rF++}
   (You bought it in a shop on level 2 of the Orcish Mines)

   rF:        It greatly protects you from fire.
 N - a +2 pair of gloves of strength
 P - the +3 warlock's mirror (worn) {reflect}
   (You took it off an orc in a bailey)

   It can block and reflect piercing ranged attacks and magical attacks against
   the wielder's willpower.
 R - a +2 pair of boots (worn)
 X - the +3 buckler of Incorporation {+Inv rElec Str+3 Dex+3}
   (Okawaru gifted it to you on level 11 of the Dungeon)

   Str:       It affects your strength (+3).
   Dex:       It affects your dexterity (+3).
   rElec:     It insulates you from electricity.
   +Inv:      It lets you turn invisible.
Jewellery
 h - the ring of Qazlal's Hope (right hand) {Will+ rCorr Str+6 Slay+3}
   (You acquired it on level 4 of the Dungeon)

   [ring of strength]

   Str:       It affects your strength (+6).
   Slay:      It affects your accuracy & damage with ranged weapons and melee
   (+3).
   rCorr:     It protects you from acid and corrosion.
   Will:      It increases your willpower.
 t - a +4 ring of protection (left hand)
 C - an amulet of reflection (around neck)
Wands
 a - a wand of roots (9)
 d - a wand of flame (18)
 T - a wand of mindburst (6)
 W - a wand of quicksilver (7)
Scrolls
 f - 8 scrolls of poison
 g - 4 scrolls of amnesia
 m - 5 scrolls of identify
 n - 4 scrolls of immolation
 o - 10 scrolls of teleportation
 z - 3 scrolls of torment
 B - 4 scrolls of silence
 G - 3 scrolls of blinking
 K - 6 scrolls of fear
 O - 2 scrolls of fog
 S - 2 scrolls of magic mapping
Potions
 c - 2 potions of invisibility
 e - 3 potions of ambrosia
 i - a potion of lignification
 j - 2 potions of cancellation
 k - 4 potions of brilliance
 p - 4 potions of haste
 s - 2 potions of magic
 x - 5 potions of heal wounds
 J - 2 potions of might
 M - 3 potions of resistance
 U - 5 potions of curing
 V - 3 potions of attraction
 Y - a potion of mutation


   Skills:
 + Level 13.6(18.6) Fighting
 - Level 18.6(23.8) Axes
 + Level 4.5(18.0) Maces & Flails
 + Level 1.5(6.5) Throwing
 + Level 13.3(18.3) Armour
 + Level 5.0(10.0) Dodging
 + Level 2.0(7.0) Stealth
 * Level 17.5(22.5) Shields
 * Level 11.3 Invocations
 + Level 6.0 Evocations


You had 15 spell levels left.
You didn't know any spells.
Your spell library contained the following spells:

 Spells                   Type           Power      Damage    Failure   Level
 Apportation              Tloc           0%         N/A       65%         1
 Necrotise                Necr           0%         1d4       65%         1
 Blink                    Tloc           0%         N/A       78%         2
 Conjure Flame            Conj/Fire      0%         6-21      95%         3
 Dazzling Flash           Conj/Hex       0%         N/A       95%         3
 Ignite Poison            Fire/Tmut/Pois 0%         N/A       95%         3
 Airstrike                Air            0%         2d(0-16)  100%        4
 Passage of Golubria      Tloc           0%         N/A       100%        4
 Sticky Flame             Conj/Fire      0%         2d3       100%        4
 Agony                    Necr           0%         N/A       100%        5
 Iskenderun's Battlesphe  Conj           0%         2d6       100%        5
 Lightning Bolt           Conj/Air       0%         1d11      100%        5
 Manifold Assault         Tloc           0%         N/A       100%        5
 Silence                  Hex/Air        0%         N/A       100%        5
 Iron Shot                Conj/Erth      0%         9d1       100%        6
 Storm Form               Tmut/Air       0%         N/A       100%        7
 Lehudib's Crystal Spear  Conj/Erth      0%         10d2      100%        8
 Summon Small Mammal      Summ           Unusable   N/A       N/A         1
 Summon Lightning Spire   Summ/Air       Unusable   N/A       N/A         4
 Spellforged Servitor     Conj/Summ      Unusable   N/A       N/A         7

Dungeon Overview and Level Annotations

Branches:
Dungeon (15/15)            Temple (1/1) D:4            Lair (5/5) D:9
 Shoals (1/4) Lair:2        Snake (0/4) Lair:3        Slime (0/5) Lair:4
    Orc (2/2) D:10            Elf (1/3) Orc:2        Vaults (0/5) D:14
 Depths (0/4) D:15         Bailey (visited)         Gauntlet (visited)

Altars:
Ashenzari
Cheibriados
Dithmenos
Elyvilon
Fedhas
Gozag
Hepliaklqana
Kikubaaqudgha
Makhleb
Nemelex Xobeh
Okawaru
Qazlal
Ru
Sif Muna
Trog
Uskayaw
Vehumet
Wu Jian
Xom
Yredelemnul
Zin
The Shining One
Jiyva

Shops:
D:1 :?   Orc:2 :([!   Elf:1 [   Shoals:1 (

Portals:
Trove: D:13 (give 8 potions of haste)

Annotations:
D:9 2 transporters, alphun's ghost, novice SpEn


Innate Abilities, Weirdness & Mutations

You have a pair of horns on your head.
You reflexively headbutt those who attack you in melee.
Your mind is acute. (Int +4, Str/Dex -1)
Your muscles are strong. (Str +4, Int/Dex -1)
Your movements are slightly less encumbered by armour. (ER -2)


Message History

The orc knight is heavily wounded.
The orc sorcerer casts a spell.
Unknown command.
You bludgeon the orc knight!!
The orc knight is severely wounded.
You block the orc knight's attack.
You bludgeon the orc knight!!
You kill the orc knight!
Okawaru accepts your kill.
An orc priest comes into view.
It is wielding a +0 hand axe of distortion.
The orc priest calls down the wrath of Beogh upon you.
Beogh smites you!
* * * LOW HITPOINT WARNING * * *
You bludgeon the orc sorcerer!! You headbutt the orc sorcerer.
You kill the orc sorcerer!
Okawaru accepts your kill.
The red devil disappears in a puff of smoke!
Unknown command.
The orc priest no longer looks unusually strong.
The orc priest mumbles some strange prayers to Beogh against you.
Beogh smites you!
* * * LOW HITPOINT WARNING * * *
The orc warrior hits you but does no damage.
You block the orc warrior's attack.
You bludgeon the orc knight!! You headbutt the orc knight!!
The orc knight is severely wounded.
Unknown command.
You thump the orc knight!
The orc knight is severely wounded.
The orc warrior no longer looks unusually strong.
The orc priest begins to cast a cantrip, but forgets the words!
The orc priest calls upon Beogh to heal something.
The orc knight hits you but does no damage.
The orc warrior hits you from afar with a +0 halberd!
* * * LOW HITPOINT WARNING * * *
The orc warrior barely misses you.
The orc warrior suddenly complains.
The orc priest invokes the aid of Beogh against you.
Beogh smites you!
You die...

.# ...##. ..## .#..#
...... #.. ....#
####.####### #.#.. ..
.......§...# #... ...
#....§...# #.##+##.
#....§...# #.#...# #
#...)..oo###.+...+.##
#....ooooo@..#...#...
+##.###..o...o##..##+##...
............o.##..........
.#.......#.#######.#...###
...###.####### #.#...#
####### .. o.$ #..##
#.#...# #...... #o.o #...#
#.#...# #.##'##


#ooo ##..####.#######.#)..# #.o. #........## #...'...' You could see an orc
knight, 5 orc warriors and 4 orc priests.

Vanquished Creatures
  Frances (Arena)
  Kirke (D:12)
  A frost giant (D:15)
  2 orc warlords
  An ettin (Orc:1)
  Josephine (Orc:1)
  A merfolk impaler (Shoals:1)
  Harold (Lair:2)
  8 vault guards (D:14)
  7 hydras
  4 ogre magi
  A catoblepas (Lair:4)
  3 centaur warriors
  3 boulder beetles
  A death knight (D:13)
  5 dancing weapons (Elf:1)
  13 two-headed ogres
  2 tengu warriors (D:15)
  An orc high priest (Orc:1)
  Sonja (Orc:1)
  3 deep elf knights (Elf:1)
  Nergalle (D:10)
  Amaemon (Lair:3)
  A sea snake (Shoals:1)
  3 goliath frogs (Lair:5)
  2 glowing orange brains (Gauntlet)
  7 skeletal warriors
  4 lindwurms (Lair:1)
  5 deep elf archers (Elf:1)
  7 orc knights
  11 deep elf pyromancers
  3 ugly things
  A cyclops (D:13)
  10 fauns (Shoals:1)
  2 manticores
  2 deep elf zephyrmancers (Elf:1)
  An orc sorcerer (Elf:1)
  An ice statue (D:10)
  2 black mambas
  10 elephants
  3 merfolk sirens
  A gargoyle (D:13)
  17 cane toads
  2 unseen horrors
  An orange demon (Lair:3)
  Psyche (D:12)
  A rime drake (Lair:1)
  9 komodo dragons
  A yaktaur (D:15)
  A freezing wraith (D:13)
  3 meliai (Gauntlet)
  2 tyrant leeches (Lair:5)
  8 trolls
  4 merfolk (Shoals:1)
  Grinder (D:4)
  2 wind drakes (Shoals:1)
  A polar bear (shapeshifter) (D:13)
  3 slime creatures (Lair:4)
  20 blink frogs
  6 snapping turtles (Shoals:1)
  2 vampires (D:11)
  8 wraiths
  Sigmund (D:4)
  An air elemental (Elf:1)
  7 wyverns
  4 water elementals
  Eustachio (D:6)
  A hog (D:12)
  32 yaks
  2 humans (D:12)
  2 basilisks
  A fire elemental (Elf:1)
  The ghost of BiteMe the Firebug, an amateur DrFE (D:4)
  16 vampire mosquitoes
  3 steam dragons
  7 wargs
  A naga (Lair:3)
  Edmund (D:6)
  14 water moccasins
  2 acid dragons
  An ice beast (D:7)
  27 orc warriors
  2 sky beasts
  A black bear (D:6)
  33 ogres
  4 centaurs
  A phantom (D:6)
  2 kobold brigands
  Blork the orc (D:6)
  6 gnoll sergeants
  14 bullfrogs
  6 scorpions
  21 wights
  6 killer bees (D:9)
  6 howler monkeys
  2 jellies
  10 orc priests
  A hound (D:7)
  Crazy Yiuf (D:2)
  4 hell rats (Lair:4)
  24 orc wizards
  2 iguanas
  37 gnolls
  9 adders
  A shadow imp (D:5)
  13 white imps
  An ufetubus (D:5)
  3 worms
  4 dart slugs
  76 orcs
  10 ball pythons
  5 bats
  12 endoplasms
  2 giant cockroaches
  21 goblins
  17 hobgoblins
  3 jackals (D:4)
  2 quokkas
  2 frilled lizards (D:3)
  16 kobolds
  A rat (D:2)
  A bush (Lair:5)
  A fungus (Lair:2)
741 creatures vanquished.

Vanquished Creatures (others)
  A minotaur (Gauntlet)
  An air elemental (Elf:1)
  A bush (Lair:4)
  24 fungi
  86 plants
113 creatures vanquished.

Grand Total: 854 creatures vanquished

Notes
Turn   | Place    | Note
-------+----------+-------------------------------------------
     0 | D:1      | Icepheonix32 the Minotaur Fighter began the quest for the
                  | Orb.
     0 | D:1      | Reached XP level 1. HP: 19/19 MP: 0/0
   113 | D:1      | Reached XP level 2. HP: 27/27 MP: 1/1
   131 | D:1      | Found Huamir's Magic Scroll Emporium.
   565 | D:1      | Found Foasuef's Book Boutique.
   813 | D:1      | Reached XP level 3. HP: 14/33 MP: 2/2
  1063 | D:2      | Found a shimmering altar of Xom.
  1366 | D:2      | Reached XP level 4. HP: 41/41 MP: 3/3
  1415 | D:2      | Found a faded altar of an unknown god.
  1439 | D:2      | Reached skill level 3 in Axes
  1656 | D:2      | Found a runed translucent door.
  1659 | D:2      | Noticed Crazy Yiuf
  1665 | D:2      | Killed Crazy Yiuf
  1840 | D:3      | Reached skill level 5 in Fighting
  1842 | D:3      | Reached XP level 5. HP: 38/48 MP: 4/4
  1935 | D:3      | Found a glowing silver altar of Zin.
  2087 | D:3      | Reached skill level 4 in Axes
  2132 | D:3      | Reached skill level 1 in Dodging
  2420 | D:3      | Found a stormy altar of Qazlal.
  2675 | D:3      | Reached XP level 6. HP: 32/56 MP: 5/5
  2873 | D:4      | Found a staircase to the Ecumenical Temple.
  2903 | Temple   | Entered the Ecumenical Temple
  3008 | Temple   | Became a worshipper of Warmaster Okawaru
  3157 | D:4      | Noticed Sigmund
  3163 | D:4      | Killed Sigmund
  3164 | D:4      | Reached skill level 5 in Axes
  3164 | D:4      | Reached skill level 5 in Armour
  3164 | D:4      | Reached skill level 1 in Invocations
  3167 | D:4      | Reached XP level 7. HP: 64/64 MP: 6/6
  3302 | D:4      | Noticed Grinder
  3307 | D:4      | Paralysed by Grinder for 3 turns
  3320 | D:4      | Reached * piety under Okawaru
  3330 | D:4      | Paralysed by Grinder for 2 turns
  3334 | D:4      | Killed Grinder
  3335 | D:4      | Reached skill level 6 in Axes
  3485 | D:4      | Found a runed translucent door.
  3493 | D:4      | Noticed BiteMe's ghost (amateur DrFE)
  3719 | D:4      | Killed BiteMe's ghost
  3720 | D:4      | Reached XP level 8. HP: 65/71 MP: 7/9
  3747 | D:4      | Identified a scroll of acquirement
  3748 | D:4      | Acquired the ring of Qazlal's Hope {Will+ rCorr Str+6
                  | Slay+3}
  3777 | D:5      | Entered Level 5 of the Dungeon
  3814 | D:5      | Reached skill level 7 in Axes
  3824 | D:5      | Reached ** piety under Okawaru
  4176 | D:5      | Reached skill level 5 in Shields
  4972 | D:6      | Reached skill level 8 in Axes
  5107 | D:6      | Reached XP level 9. HP: 77/80 MP: 11/11
  5219 | D:6      | Noticed Edmund
  5227 | D:6      | Killed Edmund
  5246 | D:6      | Reached *** piety under Okawaru
  5249 | D:6      | Found a hazy altar of Hepliaklqana.
  5474 | D:6      | Noticed Blork the orc
  5481 | D:6      | Killed Blork the orc
  5482 | D:6      | Reached skill level 9 in Axes
  5486 | D:6      | Found a burning altar of Makhleb.
  5629 | D:6      | Noticed Eustachio
  5657 | D:6      | Killed Eustachio
  5745 | D:6      | Gained mutation: You have sharp toenails. [potion of
                  | mutation]
  5745 | D:6      | Gained mutation: Your body sometimes deteriorates upon
                  | taking damage. [potion of mutation]
  5757 | D:6      | Reached skill level 5 in Invocations
  5821 | D:7      | Reached **** piety under Okawaru
  5991 | D:7      | Reached skill level 10 in Axes
  6110 | D:7      | Reached XP level 10. HP: 73/91 MP: 12/12
  6405 | D:7      | Found an ornate altar of the Wu Jian Council.
  7216 | D:8      | Reached ***** piety under Okawaru
  7408 | D:9      | Reached skill level 11 in Axes
  7524 | D:9      | Found a flagged portal.
  7543 | Bailey   | Entered a bailey
  7743 | Bailey   | Received a gift from Okawaru
  7805 | Bailey   | Noticed an orc warlord
  7816 | Bailey   | Killed an orc warlord
  7839 | Bailey   | Reached XP level 11. HP: 99/99 MP: 15/15
  7920 | Bailey   | Lost mutation: Your body sometimes deteriorates upon taking
                  | damage. [potion of mutation]
  7920 | Bailey   | Lost mutation: You have sharp toenails. [potion of
                  | mutation]
  7920 | Bailey   | Gained mutation: Your movements are slightly less
                  | encumbered by armour. (ER -2) [potion of mutation]
  7920 | Bailey   | Gained mutation: Your muscles are strong. (Str +4, Int/Dex
                  | -1) [potion of mutation]
  7920 | Bailey   | Gained mutation: Your mind is acute. (Int +4, Str/Dex -1)
                  | [potion of mutation]
  8031 | D:9      | Found a staircase to the Lair.
  8035 | D:9      | Reached skill level 13 in Axes
  8035 | D:9      | Reached XP level 12. HP: 106/106 MP: 16/16
  8175 | D:9      | Identified the +6 sling "Rosiduqo" {flame, rF+ rC++}
  8305 | D:9      | Found a transporter.
  8319 | D:9      | Noticed alphun's ghost (novice SpEn)
  8338 | D:9      | Found a transporter.
  8342 | D:9      | Noticed a four-headed hydra
  8583 | D:1      | Bought a scroll of brand weapon for 104 gold pieces
  8827 | D:10     | Entered Level 10 of the Dungeon
  8827 | D:10     | Noticed a two-headed ogre
  8836 | D:10     | Killed a two-headed ogre
  8837 | D:10     | Reached skill level 1 in Throwing
  8998 | D:10     | Found a staircase to the Orcish Mines.
  9188 | D:10     | Noticed Nergalle
  9200 | D:10     | Killed Nergalle
  9201 | D:10     | Reached skill level 10 in Fighting
  9920 | D:11     | Noticed a two-headed ogre
  9931 | D:10     | Killed a two-headed ogre
 10397 | D:11     | Noticed a centaur warrior
 10408 | D:11     | Killed a centaur warrior
 10409 | D:11     | Reached skill level 14 in Axes
 10409 | D:11     | Reached skill level 10 in Armour
 10653 | D:11     | Identified the +3 buckler of Incorporation {+Inv rElec
                  | Str+3 Dex+3} (Okawaru gifted it to you on level 11 of the
                  | Dungeon)
 10653 | D:11     | Received a gift from Okawaru
 11166 | D:12     | Noticed Psyche
 11174 | D:12     | Reached skill level 1 in Evocations
 11176 | D:12     | Killed Psyche
 11451 | D:12     | Noticed Kirke
 11477 | D:12     | Noticed a sphinx
 11481 | D:12     | Killed Kirke
 11892 | D:12     | Noticed a boulder beetle
 11899 | D:12     | Killed a boulder beetle
 11921 | D:12     | Identified the +1 buckler of the Telling Gods {rCorr}
 12153 | Lair:1   | Entered Level 1 of the Lair of Beasts
 12659 | Lair:1   | Reached XP level 13. HP: 104/114 MP: 18/18
 13371 | Lair:2   | Reached skill level 1 in Stealth
 13426 | Lair:2   | Reached ****** piety under Okawaru
 13552 | Lair:2   | Noticed Harold
 13561 | Lair:2   | Killed Harold
 13686 | Lair:2   | Found a staircase to the Shoals.
 14400 | Lair:3   | Found a staircase to the Snake Pit.
 14435 | Lair:3   | Found a frozen archway.
 14443 | Lair:3   | Received a gift from Okawaru
 14507 | Lair:3   | Noticed Amaemon
 14516 | Lair:3   | Killed Amaemon
 14517 | Lair:3   | Reached skill level 15 in Axes
 14525 | Lair:3   | Found a gate leading to a gauntlet.
 14535 | Gauntlet | Entered a Gauntlet
 14535 | Gauntlet | Found a transporter.
 14659 | Gauntlet | Found a transporter.
 14661 | Gauntlet | Found a transporter.
 14661 | Gauntlet | Found a transporter.
 14664 | Gauntlet | Found a transporter.
 14665 | Gauntlet | Found a transporter.
 14673 | Gauntlet | Found a transporter.
 14696 | Gauntlet | Found a transporter.
 14710 | Gauntlet | Found a transporter.
 14714 | Gauntlet | Found a transporter.
 14722 | Gauntlet | Found a transporter.
 14775 | Gauntlet | Found a transporter.
 15059 | Gauntlet | Identified the +0 pair of gloves of Inference {rF+++}
 15129 | Gauntlet | Identified the +1 shortbow of Gailysm {venom, rN++ MP-9}
 15129 | Gauntlet | Noticed a minotaur
 15136 | Gauntlet | Killed a minotaur
 15810 | Lair:4   | Found a staircase to the Slime Pits.
 15810 | Lair:4   | Found a viscous altar of Jiyva.
 15924 | Lair:4   | Received a gift from Okawaru
 16168 | Lair:4   | Reached XP level 14. HP: 121/124 MP: 19/19
 16756 | Lair:5   | Entered Level 5 of the Lair of Beasts
 16832 | Lair:5   | Reached skill level 16 in Axes
 16961 | Lair:5   | Identified the +1 falchion "Fen Lean" {freeze, Contam
                  | +Blink rN+} (Okawaru gifted it to you on level 5 of the
                  | Lair of Beasts)
 16961 | Lair:5   | Received a gift from Okawaru
 17190 | Lair:5   | Reached skill level 5 in Evocations
 18100 | D:10     | Identified the +4 short sword "Naurig" {freeze, rF+ Int+2}
 18440 | D:13     | You fall into a shaft and drop 1 floor!
 18472 | D:14     | Found a shimmering altar of Xom.
 18876 | D:13     | Noticed Frances
 18881 | Arena    | Entered the Arena
 18884 | Arena    | Killed Frances
 18910 | D:13     | Reached skill level 17 in Axes
 18925 | D:13     | Reached skill level 15 in Shields
 19002 | D:13     | Received a gift from Okawaru
 19422 | D:13     | Found a portal to a secret trove of treasure.
 19740 | D:14     | Found a gate to the Vaults.
 19798 | D:14     | Reached XP level 15. HP: 51/133 MP: 21/21
 20388 | D:15     | Entered Level 15 of the Dungeon
 20426 | D:14     | Reached skill level 10 in Invocations
 20694 | D:15     | Received a gift from Okawaru
 21262 | D:15     | Found a staircase to the Depths.
 21262 | D:15     | Noticed a frost giant
 21272 | D:15     | Killed a frost giant
 21557 | Orc:1    | Entered Level 1 of the Orcish Mines
 21570 | Orc:1    | Noticed Josephine
 21571 | Orc:1    | Noticed Sonja
 21581 | Orc:1    | Killed Josephine
 21582 | Orc:1    | Killed Sonja
 21813 | Orc:2    | Entered Level 2 of the Orcish Mines
 22292 | Orc:2    | Reached skill level 18 in Axes
 22563 | Orc:2    | Found a staircase to the Elven Halls.
 22716 | Orc:2    | Found Siachi's Antique Weapon Boutique.
 22716 | Orc:2    | Found Zeabog's Book Shoppe.
 22717 | Orc:2    | Found Ymauzi's Distillery.
 22717 | Orc:2    | Found Pocerru's Antique Armour Boutique.
 22730 | Orc:2    | Bought a potion of might for 40 gold pieces
 22730 | Orc:2    | Bought a potion of curing for 30 gold pieces
 22756 | Orc:2    | Received a gift from Okawaru
 22809 | Orc:2    | Found a burning altar of Makhleb.
 23347 | Orc:2    | Bought a pair of pitted gloves for 152 gold pieces
 23347 | Orc:2    | Identified the +2 pair of gloves of Iffaamir {rF++} (You
                  | bought it in a shop on level 2 of the Orcish Mines)
 23347 | Orc:2    | Bought an embroidered cloak for 120 gold pieces
 23461 | Shoals:1 | Entered Level 1 of the Shoals
 24150 | Shoals:1 | Identified the +10 whip of Intimidation {vorpal, rPois
                  | Int+5 Dex-4}
 24519 | Shoals:1 | Found Lankogez's Antique Weapon Emporium.
 24525 | Shoals:1 | Reached skill level 5 in Dodging
 24549 | Shoals:1 | Reached XP level 16. HP: 138/144 MP: 23/23
 24597 | Shoals:1 | Bought a scorched mace for 280 gold pieces
 24597 | Shoals:1 | Identified the +7 mace "Quoh" {speed, rElec Str+3} (You
                  | bought it in a shop on level 1 of the Shoals)
 25091 | Elf:1    | Entered Level 1 of the Elven Halls
 25119 | Elf:1    | Found a radiant altar of Vehumet.
 25130 | Elf:1    | Identified the +0 plate armour of Surprise {+Inv rElec rC-
                  | Will-} (Okawaru gifted it to you on level 1 of the Elven
                  | Halls)
 25130 | Elf:1    | Received a gift from Okawaru
 25169 | Elf:1    | Reached skill level 1 in Maces & Flails
 25308 | Elf:1    | Paralysed by an air elemental for 1 turns
 25325 | Elf:1    | Identified the +4 rapier "Dotorph" {vorpal, Str+2 Dex+2}
 25358 | Elf:1    | Found Ofor's Antique Armour Emporium.
 25571 | Elf:1    | Killed from afar by an orc priest

Illustrated notes

Levels and vault maps discovered:
D:1:      dpeg_arrival_long_road, layout_rooms, serial_shops, shop_statue, shop,
          chequers_big_river, nicolae_titane
D:2:      cheibrodos_old_hovel, layout_rooms,
          hellmonk_ecumenical_altar_leap_of_faith, basic_altar,
          uniq_crazy_yiuf_cottage
D:3:      layout_rooms, nicolae_overflow_hidden_temple, lemuel_doored_altar,
          minmay_fractal_squares_diagonal_5
D:4:      layout_cave_pools, minmay_temple_entry_sparse_star,
          ebering_ghost_sewer_d, uniq_sigmund, uniq_grinder
D:5:      layout_basic
D:6:      layout_basic, mainiacjoe_overflow_brackets, bloody_makhleb,
          hangedman_decor_push, kennysheep_diamond,
          chequers_serial_rivers_micro_c, uniq_edmund, uniq_eustachio,
          uniq_blork_the_orc
D:7:      layout_cave_pools, nicolae_wu_jian_wuxing_cycle
D:8:      layout_loops_cross, grunt_ogre_cave
D:9:      layout_loops_ring, dpeg_oklobed_lair, enter_bailey_5,
          gammafunk_ghost_berserking_beasts
D:10:     lemuel_ice_statue, layout_loops_corners, orc_0_dummy,
          chequers_serial_rivers_room_b, uniq_nergalle
D:11:     layout_stronghold, serial_glass, glass_columns_a, glass_columns_a,
          grunt_decor_clamped
D:12:     layout_loops_ring, uniq_kirke, uniq_psyche
D:13:     layout_loops_ring, nicolae_trove_entry_crystal, uniq_frances
D:14:     layout_roguey, erik_vaults_2, dk_noncrumbling_3,
          minmay_misc_feat_doors, tgw_xom
D:15:     grunt_enter_depths_snipers, layout_irregular_city
Temple:   minmay_temple_bridge_d
Lair:1:   layout_roguey, nicolae_lair_lindhole
Lair:2:   layout_cave_pods, minmay_shoals_entry_lonely_mermaid,
          grunt_megastairs_3, infiniplex_staircase_pool_2, serial_bayou_shore_a,
          uniq_harold
Lair:3:   layout_chaotic_city, guppyfry_snake_entry_island,
          gauntlet_entry_generic, portal_ice_cave_entry_imps,
          chequers_serial_rivers_micro_a, uniq_amaemon
Lair:4:   layout_loops_ring, minmay_slime_entry_pillars, lemuel_fruit_tree
Lair:5:   minmay_lair_end_frog_pond, layout_misc_corridors, grunt_megastairs_4
Shoals:1: layout_shoals, serial_shops, shop
Orc:1:    layout_caves, uniq_josephine, uniq_sonja
Orc:2:    st_orc_ogre_mass, layout_caves, basic_altar, minmay_orc_keep
Elf:1:    eino_elf_arrival_altar, layout_loops_cross, special_room
          [special_room_orc], serial_shops, bzr_firewalk,
          nicolae_take_the_stairs, shop, minmay_elf_annihilation,
          glass_columns_c, uniq_aizul

Skill      XL: |  1  2  3  4  5  6  7  8  9 10 11 12 13 14 15 16 |
---------------+-------------------------------------------------+-----
Fighting       | 4 5 6 7 9 10 11 12 13 | 13.6
Shields        | 4 5 6 7 11 12 13 15 16 17 | 17.5
Armour         | 4 5 6 7 9 11 12 13 | 13.3
Axes           | 3 4 5 6 8 10 11 13 14 15 17 18 | 18.6
Dodging        | 1 2 3 4 5 |  5.0
Invocations    | 1 2 4 5 6 8 9 10 11 | 11.3
Throwing       | 1 |  1.5
Evocations     | 2 4 6 |  6.0
Stealth        | 1 2 |  2.0
Maces & Flails | 4 |  4.5

Action                   |  1- 3 |  4- 6 |  7- 9 | 10-12 | 13-15 | 16-18 || total
-------------------------+-------+-------+-------+-------+-------+-------++-------
Melee: War axe           |    60 |    99 |   239 |   266 |       |       ||   664
       Headbutt          |    11 |    23 |    38 |    81 |   157 |    38 ||   348
       Short sword       |    11 |       |       |       |       |       ||    11
       Kick              |       |       |    10 |    50 |       |       ||    60
       Broad axe         |       |       |       |   107 |   776 |     1 ||   884
       Mace              |       |       |       |       |       |   176 ||   176
Throw: Dart              |       |     1 |     1 |     3 |     3 |       ||     8
       Javelin           |       |       |     4 |       |       |       ||     4
Invok: Heroism           |       |       |       |     2 |     6 |     1 ||     9
       Finesse           |       |       |       |       |     1 |       ||     1
       Duel              |       |       |       |       |     1 |       ||     1
Evoke: Wand              |       |       |       |       |     6 |       ||     6
  Use: Scroll            |     6 |     2 |    10 |     8 |     7 |       ||    33
       Potion            |     4 |     4 |     4 |     4 |     3 |     3 ||    22
 Stab: Held in net/web   |       |       |       |       |     1 |       ||     1
       Petrified         |       |       |       |       |     1 |       ||     1
Armor: Scale mail        |    30 |    36 |   102 |     3 |       |       ||   171
       Skin              |       |       |    13 |       |       |       ||    13
       Chain mail        |       |       |       |   155 |   114 |       ||   269
       Plate armour      |       |       |       |       |   143 |    40 ||   183
       Ice dragon scales |       |       |       |       |     2 |       ||     2
Dodge: Dodged            |    31 |    34 |    88 |    72 |   191 |    26 ||   442
Block: Buckler           |    18 |    15 |   132 |   187 |   506 |    80 ||   938
       Reflection        |       |       |    10 |    10 |    49 |    13 ||    82
       Kite shield       |       |       |       |    41 |       |       ||    41
